 Dungeon Crawl Stone Soup version 0.29.1-15-g9cfb28693d (webtiles) character file.

Game seed: 6140223512374500078

161 Lolow the Chiller (level 5, -12/36 HPs)
             Began as a Human Ice Elementalist on May 13, 2023.
             Was an Initiate of Gozag.
             Mangled by an ogre
             ... wielding a +0 giant spiked club
              (25 damage)
             ... on level 4 of the Dungeon.
             The game lasted 00:39:55 (3922 turns).

Lolow the Chiller (Human Ice Elementalist)          Turns: 3922, Time: 00:39:59

Health: -12/36     AC:  9    Str: 14    XL:     5   Next: 70%
Magic:  10/18      EV: 12    Int: 18    God:    Gozag
Gold:   494        SH:  0    Dex: 13    Spells: 3/10 levels left

rFire   . . .      SeeInvis .   e - +0 short sword (freeze)
rCold   . . .      Faith    +   (no shield)
rNeg    . . .      Spirit   .   a - +0 robe
rPois   .          Reflect  .   (no helmet)
rElec   .          Harm     .   (no cloak)
rCorr   .          Rampage  .   (no gloves)
Will    .....                   y - +0 pair of boots
Stlth   ++........              i - amulet of faith
HPRegen 0.12/turn               h - ring of magical power
MPRegen 0.16/turn               m - +6 ring of strength

@: ice-armoured
A: no striking features
a: Renounce Religion, Potion Petition, Call Merchant, Bribe Branch


You were on level 4 of the Dungeon.
You worshipped Gozag.
Gozag was aware of your devotion.
You visited 1 branch of the dungeon, and saw 4 of its levels.

You collected 494 gold pieces.

Inventory:

Hand Weapons
 d - a +0 sling
 e - a +0 short sword of freezing (weapon)
 u - a +3 dagger of distortion
Missiles
 f - 42 stones
 x - 3 boomerangs
Armour
 a - a +0 robe (worn)
 y - a +0 pair of boots (worn)
Jewellery
 h - a ring of magical power (left hand)
 i - an amulet of faith (around neck)
 m - a +6 ring of strength (right hand)
Scrolls
 g - a scroll of summoning
 k - a scroll of enchant armour {unknown}
 o - 2 scrolls of fear
 r - a scroll of blinking
 t - a scroll of poison
 v - a scroll of immolation
 w - a scroll of teleportation {unknown}
Potions
 b - a potion of magic
 c - a potion of curing
 j - a potion of resistance
 l - 2 potions of lignification
 n - a potion of attraction {unknown}
 p - a potion of might {unknown}
 q - a potion of heal wounds
 s - a potion of ambrosia


   Skills:
 + Level 0.6 Fighting
 + Level 0.5 Short Blades
 + Level 0.3 Maces & Flails
 + Level 2.3 Dodging
 + Level 2.4 Stealth
 + Level 3.1 Spellcasting
 + Level 5.3 Ice Magic


You had 3 spell levels left.
You knew the following spells:

 Your Spells              Type           Power      Damage    Failure   Level
a - Freeze                Ice            88%        1d10      1%          1
b - Ozocubu's Armour      Ice            22%        N/A       5%          3
c - Passwall              Tmut/Erth      1%         N/A       24%         2
d - Sandblast             Erth           4%         2d4       16%         1

Your spell library contained the following spells:

 Spells                   Type           Power      Damage    Failure   Level
 Frozen Ramparts          Ice            44%        1d7       5%          3
 Stone Arrow              Conj/Erth      4%         3d7       43%         3
 Hailstorm                Conj/Ice       12%        3d5       47%         4


Dungeon Overview and Level Annotations

Branches:
Dungeon (4/15)             Temple (0/1) D:4

Altars:
Gozag
Qazlal


Message History

Aiming: Freeze (safe; 1% risk of failure)
Press: ? - help, Shift-Dir - straight line, f/p - ogre
Aim: an ogre, wielding a +0 giant spiked club (lightly wounded)
You freeze the ogre.
The ogre is moderately wounded.
The ogre hits you but does no damage.
Casting: Freeze (safe; 1% risk of failure)
Confirm with . or Enter, or press ? or * to list all spells.
Aiming: Freeze (safe; 1% risk of failure)
Press: ? - help, Shift-Dir - straight line, f/p - ogre
Aim: an ogre, wielding a +0 giant spiked club (moderately wounded)
You freeze the ogre!
The ogre is heavily wounded.
The ogre hits you with a +0 giant spiked club.
Casting: Freeze (safe; 1% risk of failure)
Confirm with . or Enter, or press ? or * to list all spells.
Aiming: Freeze (safe; 1% risk of failure)
Press: ? - help, Shift-Dir - straight line, f/p - ogre
Aim: an ogre, wielding a +0 giant spiked club (heavily wounded)
You freeze the ogre.
The ogre is heavily wounded.
Casting: Freeze (safe; 1% risk of failure)
Confirm with . or Enter, or press ? or * to list all spells.
Aiming: Freeze (safe; 1% risk of failure)
Press: ? - help, Shift-Dir - straight line, f/p - ogre
Aim: an ogre, wielding a +0 giant spiked club (heavily wounded)
You freeze the ogre!
The ogre is severely wounded.
The ogre hits you with a +0 giant spiked club!
Casting: Freeze (safe; 1% risk of failure)
Confirm with . or Enter, or press ? or * to list all spells.
Aiming: Freeze (safe; 1% risk of failure)
Press: ? - help, Shift-Dir - straight line, f/p - ogre
Aim: an ogre, wielding a +0 giant spiked club (severely wounded)
You freeze the ogre.
The ogre is almost dead.
The ogre hits you with a +0 giant spiked club!!
Ouch! That really hurt!
You die...
Your body crumbles into a pile of gold.

#... ##...#
##.... #....
#... #..# #.##
##O## #.@#
##.## #..#
###.##
##.##.########
#..##.........
#...#.....###
#
##..........#
#
#>..........#
#


You could see an ogre.

Vanquished Creatures
  A hound (D:4)
  An iguana (D:4)
  3 adders
  A worm (D:2)
  2 dart slugs (D:1)
  5 orcs
  3 bats
  An endoplasm (D:1)
  4 giant cockroaches
  7 hobgoblins
  7 jackals
  2 quokkas (D:2)
  5 ball pythons
  4 frilled lizards
  7 goblins
  9 kobolds
  5 rats
67 creatures vanquished.

Vanquished Creatures (others)
  A withered plant (D:1)
1 creature vanquished.

Grand Total: 68 creatures vanquished

Notes
Turn   | Place    | Note
-------+----------+-------------------------------------------
     0 | D:1      | Lolow the Human Ice Elementalist began the quest for the
                  | Orb.
     0 | D:1      | Reached XP level 1. HP: 13/13 MP: 3/3
    77 | D:1      | Reached XP level 2. HP: 8/19 MP: 0/5
   628 | D:1      | Reached XP level 3. HP: 24/24 MP: 6/6
   713 | D:1      | Found a faded altar of an unknown god.
   755 | D:1      | Prayed at the altar of an unknown god.
   755 | D:1      | Became a worshipper of Gozag Ym Sagoz the Greedy
   768 | D:1      | Learned a level 3 spell: Ozocubu's Armour
  1167 | D:2      | Reached XP level 4. HP: 21/31 MP: 7/7
  1773 | D:2      | Found a stormy altar of Qazlal.
  2769 | D:3      | Reached XP level 5. HP: 26/36 MP: 9/9
  2918 | D:3      | Reached skill level 5 in Ice Magic
  3097 | D:4      | Noticed a phantom
  3396 | D:4      | Learned a level 2 spell: Passwall
  3398 | D:4      | Learned a level 1 spell: Sandblast
  3404 | D:4      | Found a staircase to the Ecumenical Temple.
  3913 | D:4      | Noticed an ogre
  3922 | D:4      | Mangled by an ogre

Illustrated notes

Levels and vault maps discovered:
D:1:      saegor_arrival_simple_a, layout_rooms,
          ebering_ecumenical_altar_petrified
D:2:      layout_rooms, basic_altar
D:3:      layout_basic, serial_aquarium, aquarium_bridge_square
          [aquarium_subvault_bridge, aquarium_subvault_window,
          aquarium_subvault_window, aquarium_subvault_bridge],
          aquarium_window_fake, aquarium_window_1, aquarium_window_2,
          aquarium_window_fake, aquarium_view_2b, aquarium_view_2f,
          aquarium_balcony_3a, aquarium_pool_four
D:4:      layout_cave_pods, minmay_temple_entry_tees

Skill      XL: |  1  2  3  4  5 |
---------------+----------------+-----
Ice Magic      | 5 |  5.3
Spellcasting   | 3 |  3.1
Fighting       | |  0.6
Short Blades   | |  0.5
Maces & Flails | |  0.3
Dodging        | |  2.3
Stealth        | |  2.4

Action                   |  1- 3 |  4- 6 || total
-------------------------+-------+-------++-------
Melee: Club              |     5 |       ||     5
       Unarmed           |     1 |       ||     1
       Short sword       |    45 |    59 ||   104
       Punch             |       |     1 ||     1
 Cast: Freeze            |    33 |    61 ||    94
       Ozocubu's Armour  |       |     3 ||     3
       Passwall          |       |     1 ||     1
       Sandblast         |       |     1 ||     1
  Use: Scroll            |     1 |    13 ||    14
 Stab: Distracted        |     1 |       ||     1
       Sleeping          |     1 |       ||     1
Armor: Robe              |    16 |     9 ||    25
Dodge: Dodged            |    55 |    67 ||   122
